 Dungeon Crawl Stone Soup version 0.31-a0-437-g7cee417757 (webtiles) character file.

Game seed: 7212849273441414967

70702 Gargoyl the Severer (level 15, 0/106 HPs)
             Began as a Gargoyle Berserker on Aug 2, 2023.
             Was a High Priest of Trog.
             Hit by a large rock thrown by a cyclops (26 damage)
             ... on level 12 of the Dungeon.
             The game lasted 00:25:15 (17349 turns).

Gargoyl the Severer (Gargoyle Berserker)           Turns: 17349, Time: 00:25:16

Health: 0/106      AC: 21    Str: 20    XL:     15   Next: 34%
Magic:  15/15      EV: 16    Int: 10    God:    Trog [*****.]
Gold:   1454       SH: 21    Dex: 17    Spells: 14/14 levels left

rFire   . . .        I - +4 broad axe of Righteous Fury {drain, Will+ Dex+2}
rCold   + . .        P - +0 kite shield
rNeg    + . .        u - +0 steam dragon scales
rPois   ∞            D - +1 hat {Stlth+}
rElec   +            E - +0 cloak
rCorr   .            n - +0 pair of gloves
SInv    .            (no boots)
Will    ++++.        q - amulet of reflection
Stlth   +++++        p - ring of protection from cold
HPRegen 1.37/turn    x - +4 ring of slaying
MPRegen 0.14/turn

%: reflection
@: strong-willed, spiked, flying, regenerating
A: sickness immunity, AC +11, big wings, negative energy resistance 1,
electricity resistance, torment resistance 1, petrification resistance, hooves
1, large bone plates 1, robust 1
a: Renounce Religion, Berserk, Trog's Hand, Brothers in Arms


You were on level 12 of the Dungeon.
You worshipped Trog.
Trog was extremely pleased with you.
You visited 2 branches of the dungeon, and saw 17 of its levels.
You also visited: Volcano.

You collected 1454 gold pieces.

Inventory:

Hand Weapons
 a - a +4 vampiric hand axe
 o - the +9 spear "Trog's Righteous Anger" {holy, *Corrode MP+9 Dex+3 Stlth+}
   (You took it off a centaur on level 7 of the Dungeon)

   Dex:       It affects your dexterity (+3).
   MP:        It affects your magic capacity (+9).
   *Corrode:  It may corrode you when you take damage.
   Stlth:     It makes you more stealthy.
 I - the +4 broad axe of Righteous Fury (weapon) {drain, Will+ Dex+2}
   (You found it on level 1 of the Lair of Beasts)

   Dex:       It affects your dexterity (+2).
   Will:      It increases your willpower.
 K - a +0 broad axe of flaming
 U - a +4 antimagic broad axe
Missiles
 e - 50 poisoned darts
 y - 5 curare-tipped darts (quivered)
 X - a throwing net
Armour
 n - a +0 pair of gloves (worn)
 u - +0 steam dragon scales (worn)
 D - a +1 hat of stealth (worn)
 E - a +0 cloak (worn)
 M - a +0 chain mail of fire resistance
 P - a +0 kite shield (worn)
Jewellery
 p - a ring of protection from cold (left hand)
 q - an amulet of reflection (around neck)
 s - a ring of protection from cold
 x - a +4 ring of slaying (right hand)
 F - a +6 ring of intelligence
 H - an amulet of regeneration
 N - a ring of willpower
 R - the ring "Cihuneny" {rF+ rN+ MP+9 Int-3 SInv}
   (You found it on level 5 of the Lair of Beasts)

   [ring of protection from fire]

   Int:       It affects your intelligence (-3).
   rF:        It protects you from fire.
   rN:        It protects you from negative energy.
   MP:        It affects your magic capacity (+9).
   SInv:      It lets you see invisible.
Wands
 c - a wand of mindburst (8)
 k - a wand of flame (14)
 r - a wand of roots (20)
 t - a wand of quicksilver (9)
 w - a wand of polymorph (16)
 C - a wand of charming (2)
Scrolls
 b - 3 scrolls of blinking
 d - 7 scrolls of poison
 f - a scroll of identify
 l - 8 scrolls of teleportation
 z - a scroll of fog
 J - a scroll of revelation
 Q - a scroll of fear
Potions
 g - 2 potions of resistance
 h - a potion of ambrosia
 i - 4 potions of enlightenment
 j - 4 potions of curing
 m - 3 potions of heal wounds
 v - 2 potions of might
 A - a potion of lignification
 B - 3 potions of cancellation
 G - 3 potions of haste {unknown}
 L - a potion of magic {unknown}
 O - a potion of attraction {unknown}


   Skills:
 + Level 12.5 Fighting
 + Level 16.0(16.1) Axes
 + Level 2.3(10.7) Polearms
 + Level 0.6 Throwing
 + Level 8.2 Armour
 + Level 9.3 Dodging
 + Level 8.0 Stealth
 + Level 10.1 Shields
 + Level 1.9 Evocations


You had 14 spell levels left.
You didn't know any spells.
Your spell library was empty.

Dungeon Overview and Level Annotations

Branches:
Dungeon (12/15)            Temple (0/1) D:4            Lair (5/5) D:11
  Swamp (0/4) Lair:2        Snake (0/4) Lair:2        Slime (0/5) Lair:4
    Orc (0/2) D:10        Volcano (visited)

Altars:
Elyvilon
Gozag
Makhleb
Okawaru
Sif Muna
Trog
Zin
Jiyva

Shops:
D:6 ?   D:12 *


Innate Abilities, Weirdness & Mutations

You are immune to sickness and miasma.
Your stone body is resilient. (AC +11)
You are immune to poison.
Your large and strong wings let you fly.
You resist negative energy. (rN+)
You are resistant to electric shocks. (rElec)
You are resistant to unholy torment.
You are immune to petrification.
You have large cloven feet.
You are partially covered in large bone plates. (SH +4)
You are robust. (+10% HP)


Message History

* * * LOW HITPOINT WARNING * * *
Unknown command.
You barely miss the rakshasa.
You kick the rakshasa, but do no damage.
The rakshasa is severely wounded.
You block the rakshasa's attack.
The centaur warrior shoots an arrow.
The arrow hits you!
* * * LOW HITPOINT WARNING * * *
Unknown command.
You feel much better. You block the rakshasa's attack.
The centaur warrior shoots an arrow.
The arrow hits you!
* * * LOW HITPOINT WARNING * * *
Unknown command.
You miss the rakshasa.
The rakshasa is severely wounded.
You block the rakshasa's attack.
A manticore comes into view.
The centaur warrior shoots an arrow.
You block the arrow with an invisible shield... and reflect it back!
The arrow hits the centaur warrior!!
You hit the rakshasa.
The rakshasa is severely wounded.
The centaur warrior shoots an arrow.
You block the arrow with an invisible shield... and reflect it back!
The arrow hits the centaur warrior!!
You block the rakshasa's attack.
Unknown command.
You barely miss the rakshasa.
The rakshasa is severely wounded.
The centaur warrior shoots an arrow.
You block the arrow with an invisible shield... and reflect it back!
The arrow hits the centaur warrior!!
You kill the centaur warrior!
Trog accepts your kill.
The manticore flicks its tail.
The volley of spikes hits you!
The barbed spikes become lodged in your body.
* * * LOW HITPOINT WARNING * * *
The rakshasa closely misses you.
The cyclops throws a large rock.
The large rock hits you!!
You die...

.#.# #.#.. ..#.#
#.#... .c.#.# #g#...#
#...#.### #.#...#
##...#H#.#.#C..###
.....!#)#.#.......
.......#)#).......
#######
#####..(########
......####......@#
#####.#........(R#
#.#.#........##
#####................
........#$.......###..
............).......
..#####.##.#..."..##
).# #.#...#.##..# #.#
#..###......#


You could see a rakshasa, a manticore and a cyclops.

Vanquished Creatures
  Gastronok (D:9)
  2 hydras
  A catoblepas (Lair:3)
  A centaur warrior (D:12)
  A two-headed ogre (D:11)
  9 death yaks
  A hell knight (Volcano)
  2 skysharks
  A sun demon (Volcano)
  A deep troll (D:9)
  An obsidian statue (Volcano)
  2 deep elf pyromancers (D:12)
  2 cyclopes
  A wolf spider (D:12)
  Maurice (D:9)
  22 elephants
  2 ugly things
  3 black mambas
  15 cane toads
  4 komodo dragons
  Psyche (D:8)
  A gargoyle (D:12)
  8 rime drakes
  Maggie (D:7)
  A queen bee (Lair:2)
  2 meliai (Lair:2)
  4 trolls
  10 polar bears (Lair:5)
  9 blink frogs
  3 hornets (Lair:5)
  Prince Ribbit (D:9)
  7 dream sheep
  A slime creature (D:7)
  Sigmund (D:4)
  13 spriggans (Lair:5)
  5 shadows
  7 wyverns
  2 vampires
  A wraith (D:10)
  8 basilisks
  9 fire bats
  60 yaks
  4 steam dragons
  A vampire mosquito (D:7)
  Edmund (D:4)
  An acid dragon (D:12)
  32 water moccasins
  4 orc warriors
  3 black bears
  2 ice beasts
  3 sky beasts
  A black bear (shapeshifter) (D:9)
  3 ogres
  36 wolves
  4 boggarts (Lair:5)
  6 centaurs
  3 phantoms
  5 kobold brigands
  Blork the orc (D:6)
  13 bullfrogs
  A gnoll sergeant (D:9)
  2 scorpions (D:4)
  6 wights
  A troll zombie (D:10)
  26 killer bees (Lair:2)
  3 howler monkeys (D:7)
  An electric eel (Lair:1)
  A crimson imp (D:6)
  7 lava snakes
  12 orc priests
  4 hounds
  5 jellies
  2 sleepcaps
  A hell rat (Lair:2)
  4 iguanas
  23 orc wizards
  5 ogre zombies (D:10)
  12 gnolls
  21 adders
  A shadow imp (D:5)
  A white imp (D:5)
  2 ufetubi
  A worm (D:2)
  4 dart slugs
  37 orcs
  6 ball pythons
  6 bats
  11 endoplasms
  2 giant cockroaches (D:1)
  6 goblins
  8 hobgoblins
  2 jackals (D:5)
  18 kobolds
  4 quokkas
  6 frilled lizards
  A hobgoblin zombie (D:10)
  4 orc skeletons (D:10)
  14 orc zombies (D:10)
  4 rats
626 creatures vanquished.

Vanquished Creatures (collateral kills)
  2 death yaks (D:11)
  An ugly thing (Volcano)
  A wraith (D:11)
4 creatures vanquished.

Vanquished Creatures (others)
  A hornet (Lair:5)
  A goblin (D:2)
2 creatures vanquished.

Grand Total: 632 creatures vanquished

Notes
Turn   | Place    | Note
-------+----------+-------------------------------------------
     0 | D:1      | Gargoyl the Gargoyle Berserker began the quest for the Orb.
     0 | D:1      | Reached XP level 1. HP: 14/14 MP: 1/1
   102 | D:1      | Reached XP level 2. HP: 15/19 MP: 2/2
   158 | D:1      | Reached skill level 3 in Axes
   282 | D:1      | Found a faded altar of an unknown god.
   493 | D:1      | Reached XP level 3. HP: 23/23 MP: 3/3
   890 | D:2      | Reached ** piety under Trog
  1016 | D:2      | Reached XP level 4. HP: 29/29 MP: 4/4
  1835 | D:3      | You fall into a shaft and drop 3 floors!
  1853 | D:6      | Reached skill level 4 in Axes
  1853 | D:6      | Reached XP level 5. HP: 33/33 MP: 5/5
  1965 | D:6      | Found Cuovedwo's Magic Scroll Boutique.
  1980 | D:6      | Reached XP level 6. HP: 30/38 MP: 6/6
  2052 | D:6      | Reached skill level 5 in Axes
  2082 | D:6      | Noticed a sky beast
  2099 | D:6      | Killed a sky beast
  2134 | D:6      | Noticed a sky beast
  2140 | D:6      | Killed a sky beast
  2141 | D:6      | Reached XP level 7. HP: 41/44 MP: 7/7
  2463 | D:6      | Found a burning altar of Makhleb.
  2514 | D:6      | Found a bloodstained altar of Trog.
  2602 | D:6      | Reached skill level 1 in Evocations
  2618 | D:6      | Reached skill level 6 in Axes
  2618 | D:6      | Reached skill level 5 in Armour
  2642 | D:6      | Reached XP level 8. HP: 35/48 MP: 8/8
  2779 | D:6      | Noticed Blork the orc
  2799 | D:6      | Killed Blork the orc
  3150 | D:7      | Reached skill level 5 in Fighting
  3173 | D:7      | Reached skill level 7 in Axes
  3373 | D:7      | Noticed a slime creature
  3389 | D:7      | Killed a slime creature
  3390 | D:7      | Reached XP level 9. HP: 28/54 MP: 9/9
  3401 | D:7      | Noticed a red ugly thing
  3411 | D:7      | Killed a red ugly thing
  3440 | D:7      | Noticed a troll
  3446 | D:7      | Killed a troll
  3447 | D:7      | Reached skill level 8 in Axes
  3460 | D:7      | Identified the +9 spear "Trog's Righteous Anger" {holy,
                  | *Corrode MP+9 Dex+3 Stlth+}
  3466 | D:7      | Noticed a troll
  3478 | D:7      | Killed a troll
  3678 | D:7      | Noticed Maggie
  3694 | D:7      | Killed Maggie
  3695 | D:7      | Reached skill level 1 in Polearms
  4093 | D:5      | Entered Level 5 of the Dungeon
  4139 | D:4      | Reached XP level 10. HP: 59/61 MP: 10/10
  4145 | D:4      | Reached skill level 1 in Stealth
  4173 | D:4      | Found a staircase to the Ecumenical Temple.
  4243 | D:3      | Found a glowing silver altar of Zin.
  4674 | D:4      | Reached *** piety under Trog
  4698 | D:4      | Noticed Sigmund
  4707 | D:4      | Killed Sigmund
  4855 | D:4      | Reached skill level 1 in Shields
  4996 | D:4      | Noticed Edmund
  5017 | D:4      | Killed Edmund
  5491 | D:5      | Reached skill level 5 in Dodging
  6272 | D:8      | Reached **** piety under Trog
  6512 | D:8      | Reached skill level 9 in Axes
  6569 | D:8      | Found a shimmering blue altar of Sif Muna.
  6574 | D:8      | Found an iron altar of Okawaru.
  6824 | D:8      | Noticed Psyche
  6830 | D:8      | Killed Psyche
  7110 | D:9      | Noticed Maurice
  7114 | D:9      | Noticed Gastronok
  7129 | D:9      | Killed Maurice
  7218 | D:8      | Reached XP level 11. HP: 42/67 MP: 11/11
  7314 | D:8      | Reached skill level 10 in Axes
  7559 | D:9      | Killed Gastronok
  7801 | D:9      | Noticed Prince Ribbit
  7815 | D:9      | Killed Prince Ribbit
  8209 | D:9      | Reached skill level 11 in Axes
  8225 | D:9      | Noticed a deep troll
  8243 | D:9      | Killed a deep troll
  8480 | D:10     | Entered Level 10 of the Dungeon
  8572 | D:10     | Gained mutation: You occasionally lose the ability to drink
                  | potions when taking damage. [potion of mutation]
  8573 | D:10     | Lost mutation: You occasionally lose the ability to drink
                  | potions when taking damage. [potion of mutation]
  8573 | D:10     | Gained mutation: You are partially covered in large bone
                  | plates. (SH +4) [potion of mutation]
  8573 | D:10     | Gained mutation: You have large cloven feet. [potion of
                  | mutation]
  8573 | D:10     | Gained mutation: You are robust. (+10% HP) [potion of
                  | mutation]
  8672 | D:10     | Reached ***** piety under Trog
  8722 | D:10     | Found a staircase to the Orcish Mines.
  9778 | D:11     | Noticed a death yak
  9780 | D:11     | Noticed a death yak
  9780 | D:11     | Noticed a death yak
  9780 | D:11     | Noticed a death yak
  9785 | D:11     | Killed a death yak
  9786 | D:11     | Reached skill level 5 in Stealth
  9786 | D:11     | Reached XP level 12. HP: 82/82 MP: 12/12
  9786 | D:11     | Found a staircase to the Lair.
  9790 | D:11     | Killed a death yak
  9795 | D:11     | Killed a death yak
  9796 | D:11     | Killed a death yak
  9878 | D:11     | Reached skill level 5 in Shields
  9998 | D:11     | Noticed a two-headed ogre
 10007 | D:11     | Killed a two-headed ogre
 10048 | D:11     | Found a white marble altar of Elyvilon.
 10307 | Lair:1   | Entered Level 1 of the Lair of Beasts
 10324 | Lair:1   | Reached skill level 12 in Axes
 10659 | Lair:1   | Identified the +4 broad axe of Righteous Fury {drain, Will+
                  | Dex+2}
 10917 | Lair:1   | Found a dark tunnel.
 10926 | Volcano  | Entered a volcano
 11330 | Volcano  | Noticed a sun demon
 11333 | Volcano  | Noticed a hell knight
 11343 | Volcano  | Killed a sun demon
 11344 | Volcano  | Reached XP level 13. HP: 90/90 MP: 13/13
 11347 | Volcano  | Found a radiant altar of Vehumet.
 11354 | Volcano  | Reached skill level 10 in Fighting
 11632 | Lair:1   | Reached skill level 13 in Axes
 11705 | Lair:1   | Identified the +5 hand axe "Cytizef" {antimagic, *Corrode
                  | rF+++} (Trog gifted it to you on level 1 of the Lair of
                  | Beasts)
 11705 | Lair:1   | Received a gift from Trog
 12171 | Lair:2   | Found a staircase to the Snake Pit.
 12686 | Lair:2   | Received a gift from Trog
 12707 | Lair:2   | Reached skill level 14 in Axes
 13050 | Lair:2   | Found a staircase to the Swamp.
 13303 | Lair:2   | Gained mutation: Your large and strong wings let you fly.
                  | [Gargoyle growth]
 13303 | Lair:2   | Reached XP level 14. HP: 96/96 MP: 14/14
 14008 | Lair:3   | Identified the +1 rapier of the Eternal Warrior {spect,
                  | Dex+5}
 14906 | Lair:4   | Found a staircase to the Slime Pits.
 14907 | Lair:4   | Found a viscous altar of Jiyva.
 15583 | Lair:5   | Entered Level 5 of the Lair of Beasts
 15591 | Lair:5   | Received a gift from Trog
 15606 | Lair:5   | Reached skill level 15 in Axes
 16074 | Lair:5   | Reached XP level 15. HP: 74/105 MP: 15/15
 16190 | Lair:5   | Identified the ring "Cihuneny" {rF+ rN+ MP+9 Int-3 SInv}
 16824 | Lair:5   | Received a gift from Trog
 16985 | Lair:5   | Reached skill level 16 in Axes
 17126 | D:12     | Found an opulent altar of Gozag.
 17141 | D:12     | Found Gozag's Platinum Reserve.
 17317 | D:12     | Reached skill level 10 in Shields
 17349 | D:12     | Hit by a large rock thrown by a cyclops

Illustrated notes

Levels and vault maps discovered:
D:1:      ebering_trefoil_3fold, layout_basic,
          hellmonk_ecumenical_altar_run_dry, nicolae_grassy_gnolls
D:2:      layout_loops_ring, minmay_vboxes
D:3:      layout_loops_corners, old_standard_altar
D:4:      layout_cave_pools, minmay_temple_entry_gardened_gates, uniq_edmund,
          uniq_sigmund
D:5:      cheibrodos_helix_gallery, layout_basic
D:6:      layout_cave_pods, makhleb_grotto_becter, amcnicky_altar_gilded,
          serial_shops, nicolae_take_the_stairs, dk_noncrumbling_4,
          uniq_blork_the_orc
D:7:      minmay_the_grid_octo_2x2 [minmay_the_grid_octo_tetromino_candy,
          minmay_the_grid_octo_clover, minmay_the_grid_octo_concentric,
          minmay_the_grid_octo_prize_big_c], layout_loops_cross,
          lightli_ossuary_entry_decrepit_ruins, uniq_maggie
D:8:      layout_loops_corners, mainiacjoe_overflow_big_doors, uniq_psyche
D:9:      nzn_winding_woodlands_three_and_one
          [nzn_winding_woodlands_5x15_pockets,
          nzn_winding_woodlands_5x15_pathside_ponds,
          nzn_winding_woodlands_5x15_jagged,
          nzn_winding_woodlands_center_lodge], layout_cave_pools,
          uniq_gastronok, uniq_maurice, uniq_prince_ribbit1
D:10:     layout_cave_pods, zombieorc1_lemuel, minmay_misc_feat_diagonals,
          kennysheep_flooded_box, chequers_serial_rivers_micro_e
D:11:     layout_roguey, dpeg_lair_monsters, elyvilon_altar_3
D:12:     evilmike_diamond_2, layout_loops_ring, nicolae_gozag_zags_fifth_avenue
Lair:1:   lemuel_reptile_caves, layout_loops_ring, nicolae_volcano_entry_batcave
Lair:2:   regret_index_combs_of_tragedy, layout_small_grid, swamp_mist,
          dummy_snake_entry, serial_bayou_shore_b, grunt_megastairs_5
Lair:3:   layout_cave_pods
Lair:4:   layout_regular_city, nicolae_slime_entry_slimehenge
Lair:5:   minmay_lair_end_enchanted_forest, layout_cave_pods,
          cheibrodos_lair_lostbears, serial_bayou_shore_b

Skill      XL: |  1  2  3  4  5  6  7  8  9 10 11 12 13 14 15 |
---------------+----------------------------------------------+-----
Axes           | 3 4 5 6 7 8 9 11 12 14 15 16 | 16.0
Dodging        | 2 3 4 5 6 7 8 9 |  9.3
Armour         | 3 4 5 6 8 |  8.2
Fighting       | 4 5 6 7 8 9 10 12 | 12.5
Evocations     | 1 |  1.9
Polearms       | 1 2 |  2.3
Stealth        | 3 5 6 7 8 |  8.0
Shields        | 2 4 6 7 9 10 | 10.1
Throwing       | |  0.6

Action                     |  1- 3 |  4- 6 |  7- 9 | 10-12 | 13-15 || total
---------------------------+-------+-------+-------+-------+-------++-------
  Melee: Hand axe          |   126 |    91 |   176 |   571 |       ||   964
         Punch             |       |       |     4 |     6 |     4 ||    14
         Spear             |       |       |    54 |    39 |       ||    93
         Kick              |       |       |       |    85 |   225 ||   310
         Broad axe         |       |       |       |    47 |   601 ||   648
  Throw: Dart              |       |       |     2 |       |     5 ||     7
 Invoke: Berserk           |     1 |     1 |     6 |     8 |     2 ||    18
         Trog's Hand       |       |     1 |     5 |     7 |     6 ||    19
         Brothers in Arms  |       |       |       |     2 |     2 ||     4
  Evoke: Wand              |       |     6 |     5 |       |       ||    11
    Use: Scroll            |     2 |     6 |     3 |     7 |    12 ||    30
         Potion            |       |       |       |     2 |     5 ||     7
   Stab: Sleeping          |       |       |       |    10 |    13 ||    23
         Distracted        |       |       |       |     2 |     3 ||     5
 Armour: Animal skin       |    29 |       |       |       |       ||    29
         Scale mail        |    20 |    42 |   124 |       |       ||   186
         Steam dragon scal |       |       |    13 |   220 |   282 ||   515
  Dodge: Dodged            |    98 |    40 |   102 |   320 |   441 ||  1001
  Block: Other             |       |       |    11 |   196 |   228 ||   435
         Reflection        |       |       |       |     8 |     7 ||    15
         Kite shield       |       |       |       |       |   285 ||   285

Table legend: (Time is in decaauts)
 A = Elapsed time spent in this place.
 B = Non-inter-level travel time spent in this place.
 C = Inter-level travel time spent in this place.
 D = Time resting spent in this place.
 E = Time spent auto-exploring this place.
 F = Levels seen in this place.
 G = Mean time per level.
                   A        B        C        D        E       F      G
               +--------+--------+--------+--------+--------+-----+--------+
         Total |  17335 |  16822 |    513 |    691 |  12006 |  18 |  963.1 |
       Dungeon |  10610 |  10285 |    325 |    490 |   7209 |  12 |  884.2 |
          Lair |   6145 |   5957 |    188 |     12 |   4554 |   5 | 1229.0 |
       Volcano |    580 |    580 |      0 |    188 |    242 |   1 |  580.0 |
               +--------+--------+--------+--------+--------+-----+--------+

Top non-repeatable levels by time:
  Lair:5: 1425 daAuts
  Lair:2: 1302 daAuts
     D:7: 1292 daAuts
     D:6: 1264 daAuts
     D:8: 1261 daAuts
  Lair:1: 1211 daAuts
    D:10: 1148 daAuts
  Lair:4: 1129 daAuts
  Lair:3: 1076 daAuts
     D:9: 951 daAuts
     D:5: 936 daAuts
     D:1: 811 daAuts
     D:3: 765 daAuts
     D:2: 699 daAuts
    D:11: 661 daAuts
